WCL
GREENVILLE SPINNERS @ GASTONIA ROCKETS
04/23/1982
 
TOP OF THE 1ST
Greenville Spinners batting - Pitching for Gastonia Rockets : RHP Ramon Amancio
Pitching: RHP Ramon Amancio
Batting: RHB Tony Russell 0-0: Ball
1-0: Ball
2-0: Swinging Strike
2-1: Foul Ball, location: 2F
2-2: Foul Ball, location: 2F
2-2: Ball
3-2: Strikes out swinging
Batting: RHB Byron Peyton 0-0: SINGLE (Groundball, 4MD, EV 98.8 MPH)
Batting: RHB Bobby Miscik 0-0: Called Strike
0-1: Foul Ball, location: 2F
0-2: SINGLE (Line Drive, 7S, EV 97.5 MPH)
Byron Peyton to second
Batting: LHB John Edmonds 0-0: Called Strike
0-1: Ball
1-1: Ball
2-1: Ball
3-1: Called Strike
3-2: SINGLE (Groundball, 6MD, EV 103.1 MPH)
Byron Peyton to third
Bobby Miscik to second
Runner from 3rd tries for Home, SAFE, throw by CF to home
Batting: SHB Thomas Colburn 0-0: Ball
1-0: Foul Ball, location: 2F
1-1: Ball
2-1: Called Strike
2-2: Ball
3-2: Strikes out looking
Bobby Miscik steals 3rd base
Batter strikes out.
John Edmonds to second
Batting: RHB Glenn Robertson 0-0: Ball
1-0: Called Strike
1-1: Swinging Strike
1-2: Foul Ball, location: 2F
1-2: Ball
2-2: Foul Ball, location: 2F
2-2: Ball
3-2: Foul Ball, location: 2F
3-2: Foul Ball, location: 2F
3-2: Base on Balls
Batting: RHB Michael McEvilly 0-0: Ball
1-0: Called Strike
1-1: Foul Ball, location: 2F
1-2: Foul Ball, location: 2F
1-2: Ball
2-2: Ball
3-2: Strikes out swinging
Top of the 1st over - 1 run, 3 hits, 0 errors, 3 left on base; Greenville 1 - Gastonia 0
BOTTOM OF THE 1ST
Gastonia Rockets batting - Pitching for Greenville Spinners : RHP Tony Pedroza
Pitching: RHP Tony Pedroza
Batting: RHB Glenn Jones 0-0: Ball
1-0: Swinging Strike
1-1: Ball
2-1: Swinging Strike
2-2: Ground out U3 (Groundball, 3L, EV 81.3 MPH)
Batting: RHB Jackie Wright 0-0: Ball
1-0: Ball
2-0: Ball
3-0: Base on Balls
Batting: LHB Dale Holman 0-0: Ball
1-0: Foul Ball, location: 2F
1-1: Ball
2-1: Swinging Strike
2-2: Foul Ball, location: 2F
2-2: Foul Ball, location: 2F
2-2: Grounds out, U3 (Groundball, 3L, EV 88.8 MPH)
Batting: RHB Mark Davidson 0-0: Foul Ball, location: 2F
0-1: Fly out, F8 (Flyball, 8LD, EV 100.0 MPH)
Bottom of the 1st over - 0 runs, 0 hits, 0 errors, 1 left on base; Greenville 1 - Gastonia 0
TOP OF THE 2ND
Greenville Spinners batting - Pitching for Gastonia Rockets : RHP Ramon Amancio
Batting: RHB Darrell Woodard 0-0: Foul Ball, location: 2F
0-1: Ball
1-1: Ball
2-1: Foul Ball, location: 2F
2-2: Foul Ball, location: 2F
2-2: Fly out, F5 (Flyball, 5D, EV 81.3 MPH)
Batting: RHB Luis Salazar 0-0: Ball
1-0: Fly out, F4 (Popup, 4D, EV 66.9 MPH)
Batting: RHB Tony Russell 0-0: Ball
1-0: Fly out, F3 (Line Drive, 3, EV 68.8 MPH)
Top of the 2nd over - 0 runs, 0 hits, 0 errors, 0 left on base; Greenville 1 - Gastonia 0
BOTTOM OF THE 2ND
Gastonia Rockets batting - Pitching for Greenville Spinners : RHP Tony Pedroza
Batting: LHB Reginald Thomas 0-0: Ball
1-0: Ball
2-0: Ball
3-0: Called Strike
3-1: Reached via error on a dropped throw from P, E3 (Groundball, 15S, EV 73.1 MPH)
Batting: RHB James Crawford 0-0: Swinging Strike
0-1: Reached on error, E2 (Groundball, 2L, EV 71.9 MPH)
Reginald Thomas to second
Batting: RHB Pat Dumouchelle 0-0: Ball
1-0: Swinging Strike
1-1: Called Strike
1-2: Fly out, F9 (Flyball, 9S, EV 86.9 MPH)
Batting: RHB Donald Murelli 0-0: Ball
1-0: Grounds into double play, 6-4-3 (Groundball, 56, EV 98.8 MPH)
Bottom of the 2nd over - 0 runs, 0 hits, 2 errors, 1 left on base; Greenville 1 - Gastonia 0
TOP OF THE 3RD
Greenville Spinners batting - Pitching for Gastonia Rockets : RHP Ramon Amancio
Batting: RHB Byron Peyton 0-0: Ball
1-0: Swinging Strike
1-1: Ball
2-1: Ball
3-1: SINGLE (Groundball, 25, EV 70.0 MPH) (infield hit)
Batting: RHB Bobby Miscik 0-0: Ball
1-0: Ball
2-0: Foul Ball, location: 2F
2-1: Called Strike
2-2: Ball
3-2: Base on Balls
Byron Peyton to second
Batting: LHB John Edmonds 0-0: Ball
1-0: Foul Ball, location: 2F
1-1: Fly out, F6 (Popup, 6M, EV 66.9 MPH)
Batting: SHB Thomas Colburn 0-0: Foul Ball, location: 2F
0-1: SINGLE (Line Drive, 89S, EV 98.1 MPH)
Byron Peyton to third
Bobby Miscik to second
Batting: RHB Glenn Robertson 0-0: Called Strike
0-1: Foul Ball, location: 2F
0-2: Strikes out swinging
Batting: RHB Michael McEvilly 0-0: Reached on error, E6 (Groundball, 56, EV 88.8 MPH)
Byron Peyton scores
Bobby Miscik to third
Thomas Colburn to second
Batting: RHB Darrell Woodard 0-0: Ball
1-0: Ball
2-0: Called Strike
2-1: SINGLE (Flyball, 56D, EV 89.4 MPH)
Bobby Miscik scores
Thomas Colburn to third
Michael McEvilly to second
Runner from 3rd tries for Home, SAFE, throw by LF to home
Batting: RHB Luis Salazar 0-0: Ball
1-0: Ball
2-0: Called Strike
2-1: Foul Ball, location: 2F
2-2: SINGLE (Line Drive, 56, EV 96.9 MPH)
Michael McEvilly to third
Darrell Woodard to second
Runner from 3rd tries for Home, SAFE, throw by LF to home
Batting: RHB Tony Russell 0-0: Ball
1-0: Fly out, F9 (Flyball, 9LM, EV 103.1 MPH)
Top of the 3rd over - 4 runs, 4 hits, 1 error, 2 left on base; Greenville 5 - Gastonia 0
BOTTOM OF THE 3RD
Gastonia Rockets batting - Pitching for Greenville Spinners : RHP Tony Pedroza
Batting: RHB Greg Tarnow 0-0: SINGLE (Groundball, 6MD, EV 103.8 MPH)
Batting: RHB Glenn Jones 0-0: Ball
1-0: Fielders Choice at 2nd, 3-6 (Groundball, 3, EV 111.3 MPH)
Batting: RHB Jackie Wright 0-0: Called Strike
Glenn Jones is caught stealing 2nd base 2-4
0-1: Ball
1-1: Fly out, F7 (Flyball, 78S, EV 90.6 MPH)
Bottom of the 3rd over - 0 runs, 1 hit, 0 errors, 0 left on base; Greenville 5 - Gastonia 0
TOP OF THE 4TH
Greenville Spinners batting - Pitching for Gastonia Rockets : RHP Ramon Amancio
Batting: RHB Byron Peyton 0-0: Ball
1-0: Foul Ball, location: 2F
1-1: Called Strike
1-2: Fly out, F8 (Flyball, 8RS, EV 87.5 MPH)
Batting: RHB Bobby Miscik 0-0: Called Strike
0-1: Ball
1-1: Called Strike
1-2: Strikes out swinging
Batting: LHB John Edmonds 0-0: Swinging Strike
0-1: Foul Ball, location: 2F
0-2: Ground out 3-1 (Groundball, 34S, EV 81.3 MPH)
Top of the 4th over - 0 runs, 0 hits, 0 errors, 0 left on base; Greenville 5 - Gastonia 0
BOTTOM OF THE 4TH
Gastonia Rockets batting - Pitching for Greenville Spinners : RHP Tony Pedroza
Batting: LHB Dale Holman 0-0: Foul Ball, location: 2F
0-1: Foul Ball, location: 2F
0-2: Fly out, F9 (Line Drive, 9, EV 93.1 MPH)
Batting: RHB Mark Davidson 0-0: Foul Ball, location: 2F
0-1: Ball
1-1: Ground out 1-3 (Groundball, 15S, EV 73.1 MPH)
Batting: LHB Reginald Thomas 0-0: Ball
1-0: Foul Ball, location: 2F
1-1: Ground out 4-3 (Groundball, 4, EV 100.6 MPH)
Bottom of the 4th over - 0 runs, 0 hits, 0 errors, 0 left on base; Greenville 5 - Gastonia 0
TOP OF THE 5TH
Greenville Spinners batting - Pitching for Gastonia Rockets : RHP Ramon Amancio
Batting: SHB Thomas Colburn 0-0: Ball
1-0: Ball
2-0: Ball
3-0: Base on Balls
Batting: RHB Glenn Robertson 0-0: Swinging Strike
Thomas Colburn is caught stealing 2nd base 2-4
0-1: Fly out, F6 (Popup, 6, EV 75.6 MPH)
Batting: RHB Michael McEvilly 0-0: Ball
1-0: Called Strike
1-1: Ball
2-1: Ball
3-1: Base on Balls
Batting: RHB Darrell Woodard 0-0: Called Strike
0-1: Called Strike
0-2: Strikes out swinging
Top of the 5th over - 0 runs, 0 hits, 0 errors, 1 left on base; Greenville 5 - Gastonia 0
BOTTOM OF THE 5TH
Gastonia Rockets batting - Pitching for Greenville Spinners : RHP Tony Pedroza
Batting: RHB James Crawford 0-0: Ball
1-0: Swinging Strike
1-1: Swinging Strike
1-2: Foul Ball, location: 2F
1-2: Ball
2-2: Ball
3-2: Ground out 5-3 (Groundball, 5S, EV 63.1 MPH)
Batting: RHB Pat Dumouchelle 0-0: Ball
1-0: Ball
2-0: Ball
3-0: Base on Balls
Batting: RHB Donald Murelli 0-0: Ball
1-0: Ground out 4-3 (Groundball, 13, EV 84.4 MPH)
Pat Dumouchelle to second
Batting: RHB Greg Tarnow 0-0: Called Strike
0-1: Foul Ball, location: 2F
0-2: Ball
1-2: SINGLE (Groundball, 6MD, EV 96.9 MPH)
Pat Dumouchelle to third
Runner from 3rd tries for Home, SAFE, throw by CF to home
Batting: RHB Glenn Jones 0-0: Ball
1-0: Ball
2-0: Ball
3-0: Swinging Strike
3-1: Base on Balls
Greg Tarnow to second
Batting: RHB Jackie Wright 0-0: Ball
1-0: Ball
2-0: Fielders Choice at 2nd, 5-4 (Groundball, 5, EV 84.4 MPH)
Bottom of the 5th over - 1 run, 1 hit, 0 errors, 2 left on base; Greenville 5 - Gastonia 1
TOP OF THE 6TH
Greenville Spinners batting - Pitching for Gastonia Rockets : RHP Ramon Amancio
Batting: RHB Luis Salazar 0-0: Called Strike
0-1: Ball
1-1: SINGLE (Groundball, 56S, EV 68.1 MPH) (infield hit)
Pitching: LHP Carlos Arroyo
Batting: RHB Tony Russell 0-0: Swinging Strike
0-1: Hit by Pitch
Luis Salazar to second
Batting: RHB Byron Peyton 0-0: Called Strike
Luis Salazar steals 3rd base
Tony Russell to second
0-1: SINGLE (Line Drive, 3D, EV 96.3 MPH)
Luis Salazar scores
Tony Russell to third
Runner from 3rd tries for Home, SAFE, throw by RF to home
Batting: RHB Bobby Miscik 0-0: Called Strike
0-1: Ball
1-1: Ball
2-1: Grounds into double play, 6-4-3 (Groundball, 6, EV 87.5 MPH)
Batting: LHB John Edmonds 0-0: Ball
1-0: Ground out 5-3 (Groundball, 5, EV 105.6 MPH)
Top of the 6th over - 2 runs, 2 hits, 0 errors, 0 left on base; Greenville 7 - Gastonia 1
BOTTOM OF THE 6TH
Gastonia Rockets batting - Pitching for Greenville Spinners : RHP Tony Pedroza
Batting: LHB Dale Holman 0-0: Foul Ball, location: 2F
0-1: SINGLE (Groundball, 25, EV 75.0 MPH) (infield hit)
Batting: RHB Mark Davidson 0-0: Swinging Strike
0-1: SINGLE (Flyball, 3D, EV 85.6 MPH)
Dale Holman to second
Runner from 2nd tries for 3rd, SAFE, throw by RF made to third
Batting: LHB Reginald Thomas 0-0: Ball
1-0: Ball
2-0: Called Strike
2-1: Fly out, F4 (Popup, 4D, EV 68.1 MPH)
Batting: RHB James Crawford 0-0: Called Strike
0-1: Ball
1-1: Foul Ball, location: 2F
1-2: Ball
2-2: SINGLE (Flyball, 4D, EV 95.6 MPH)
Dale Holman scores
Mark Davidson to second
Batting: RHB Pat Dumouchelle 0-0: Ball
1-0: Ball
2-0: Ball
3-0: Called Strike
3-1: Foul Ball, location: 2F
3-2: Base on Balls
Mark Davidson to third
James Crawford to second
Batting: RHB Donald Murelli 0-0: Called Strike
0-1: Fielders Choice at 2nd, 3-6 (Groundball, 3S, EV 86.3 MPH)
Mark Davidson scores
James Crawford to third
Batting: RHB Greg Tarnow 0-0: Swinging Strike
0-1: Swinging Strike
0-2: Ball
1-2: Strikes out swinging
Bottom of the 6th over - 2 runs, 3 hits, 0 errors, 2 left on base; Greenville 7 - Gastonia 3
TOP OF THE 7TH
Greenville Spinners batting - Pitching for Gastonia Rockets : LHP Carlos Arroyo
Batting: SHB Thomas Colburn 0-0: Fly out, F7 (Line Drive, 7D, EV 88.8 MPH)
Batting: RHB Glenn Robertson 0-0: Called Strike
0-1: Ball
1-1: Called Strike
1-2: Foul Ball, location: 2F
1-2: Foul Ball, location: 2F
1-2: SINGLE (Flyball, 6D, EV 96.3 MPH)
Batting: RHB Michael McEvilly 0-0: Called Strike
0-1: Fly out, F8 (Flyball, 8RD, EV 90.6 MPH)
Batting: RHB Darrell Woodard 0-0: Ball
1-0: Called Strike
1-1: Ball
2-1: Ball
3-1: Base on Balls
Glenn Robertson to second
Batting: RHB Luis Salazar 0-0: Called Strike
0-1: Fly out, F7 (Flyball, 7, EV 93.1 MPH)
Top of the 7th over - 0 runs, 1 hit, 0 errors, 2 left on base; Greenville 7 - Gastonia 3
BOTTOM OF THE 7TH
Gastonia Rockets batting - Pitching for Greenville Spinners : RHP Tony Pedroza
Batting: RHB Glenn Jones 0-0: Ball
1-0: Fly out, F8 (Flyball, 8RXD, EV 88.1 MPH)
Batting: RHB Jackie Wright 0-0: Ball
1-0: Ball
2-0: Ball
3-0: Called Strike
3-1: Foul Ball, location: 2F
3-2: Foul Ball, location: 2F
3-2: SINGLE (Groundball, P, EV 80.0 MPH) (infield hit)
Batting: LHB Dale Holman 0-0: Ball
Jackie Wright steals 2nd base
1-0: Ball
2-0: Ground out U3 (Groundball, 3, EV 81.3 MPH)
Jackie Wright to third
Batting: RHB Mark Davidson 0-0: Ball
1-0: Ball
2-0: Ball
3-0: Base on Balls
Batting: LHB Reginald Thomas 0-0: Ball
1-0: Called Strike
1-1: Swinging Strike
1-2: Ground out U3 (Groundball, 3, EV 76.3 MPH)
Bottom of the 7th over - 0 runs, 1 hit, 0 errors, 2 left on base; Greenville 7 - Gastonia 3
TOP OF THE 8TH
Greenville Spinners batting - Pitching for Gastonia Rockets : LHP Carlos Arroyo
Batting: RHB Tony Russell 0-0: Ball
1-0: Foul Ball, location: 2F
1-1: Ball
2-1: Called Strike
2-2: Ball
3-2: SOLO HOME RUN (Flyball, 7LD, EV 94.4 MPH), Distance : 344 ft
Batting: RHB Byron Peyton 0-0: Ball
1-0: Foul Ball, location: 2F
1-1: SINGLE (Flyball, 8LS, EV 90.0 MPH)
Pitching: RHP Lance Dodd
Batting: RHB Bobby Miscik 0-0: Called Strike
0-1: Ball
1-1: Foul Ball, location: 2F
1-2: Foul Ball, location: 2F
1-2: SINGLE (Line Drive, 6D, EV 93.8 MPH)
Byron Peyton to second
Batting: LHB John Edmonds 0-0: Foul Ball, location: 2F
0-1: Called Strike
0-2: Fly out, F8 (Flyball, 8LM, EV 90.0 MPH)
Batting: SHB Thomas Colburn 0-0: Swinging Strike
0-1: Ball
1-1: Foul Ball, location: 2F
1-2: Foul Ball, location: 2F
1-2: Ball
2-2: Ball
3-2: Base on Balls
Byron Peyton to third
Bobby Miscik to second
Batting: RHB Glenn Robertson 0-0: Called Strike
0-1: Ball
1-1: Foul Ball, location: 2F
1-2: Ball
2-2: Grounds into double play, 5-4-3 (Groundball, 56, EV 86.3 MPH)
Top of the 8th over - 1 run, 3 hits, 0 errors, 2 left on base; Greenville 8 - Gastonia 3
BOTTOM OF THE 8TH
Gastonia Rockets batting - Pitching for Greenville Spinners : RHP Tony Pedroza
Batting: RHB James Crawford 0-0: Ball
1-0: Called Strike
1-1: Ball
2-1: Ground out 6-3 (Groundball, 56D, EV 103.1 MPH)
Batting: RHB Pat Dumouchelle 0-0: Ball
1-0: Ball
2-0: Ball
3-0: Base on Balls
Batting: RHB Donald Murelli 0-0: SINGLE (Groundball, 6MD, EV 95.0 MPH)
Pat Dumouchelle to second
Runner from 2nd tries for 3rd, SAFE, no throw by CF
Batting: RHB Greg Tarnow 0-0: Foul Ball, location: 2F
0-1: Swinging Strike
0-2: SINGLE (Flyball, 6D, EV 86.9 MPH)
Pat Dumouchelle scores
Donald Murelli to second
Batting: RHB Glenn Jones 0-0: Swinging Strike
0-1: Ball
1-1: Called Strike
1-2: Ball
2-2: DOUBLE (Line Drive, 78M, EV 91.9 MPH)
Donald Murelli scores
Greg Tarnow to third
Pitching: RHP Peter Garrity
Batting: RHB Jackie Wright 0-0: Called Strike
0-1: Fly out, F9 (Flyball, 9LM, EV 106.3 MPH)
Runner from 3rd tags up, SCORES, throw by RF
Glenn Jones to third
Batting: LHB Dale Holman 0-0: Ball
1-0: Ball
2-0: SINGLE (Groundball, 6D, EV 97.5 MPH)
Glenn Jones scores
Batting: RHB Mark Davidson 0-0: Fly out, F7 (Flyball, 7S, EV 88.8 MPH)
Bottom of the 8th over - 4 runs, 4 hits, 0 errors, 1 left on base; Greenville 8 - Gastonia 7
TOP OF THE 9TH
Greenville Spinners batting - Pitching for Gastonia Rockets : RHP Lance Dodd
Pitching: RHP Harvey Akers
Batting: RHB Michael McEvilly 0-0: Fly out, F3 (Popup, 3S, EV 66.3 MPH)
Batting: RHB Darrell Woodard 0-0: Called Strike
0-1: Called Strike
0-2: Foul Ball, location: 2F
0-2: Ball
1-2: Fly out, F7 (Flyball, 7S, EV 88.1 MPH)
Batting: RHB Luis Salazar 0-0: Ball
1-0: Ground out 6-3 (Groundball, 56, EV 106.9 MPH)
Top of the 9th over - 0 runs, 0 hits, 0 errors, 0 left on base; Greenville 8 - Gastonia 7
BOTTOM OF THE 9TH
Gastonia Rockets batting - Pitching for Greenville Spinners : RHP Peter Garrity
Batting: LHB Reginald Thomas 0-0: Swinging Strike
0-1: Swinging Strike
0-2: Foul Ball, location: 2F
0-2: Strikes out swinging
Batting: RHB James Crawford 0-0: Foul Ball, location: 2F
0-1: Ball
1-1: Ball
2-1: Ball
3-1: Base on Balls
Batting: RHB Pat Dumouchelle 0-0: Ball
1-0: SINGLE (Groundball, 6M, EV 104.4 MPH) (infield hit)
James Crawford to second
Pinch Hitting: LHB Jon Lindsey 0-0: Called Strike
0-1: Foul Ball, location: 2F
0-2: Ball
1-2: Foul Ball, location: 2F
1-2: Foul Ball, location: 2F
1-2: Fly out, F4 (Popup, 3S, EV 76.9 MPH)
Batting: RHB Greg Tarnow 0-0: Ball
1-0: Ball
2-0: Ground out 5-3 (Groundball, 56S, EV 84.4 MPH)
Bottom of the 9th over - 0 runs, 1 hit, 0 errors, 2 left on base; Greenville 8 - Gastonia 7
Wednesday, July 22nd, 2020 - OOTP Baseball 21.4 Build 63